 Seeded DCSS version 0.30-a0-476-g330ca2eb8e (webtiles) character file.

Game seed: 16792993399291170163 (custom seed)

1120 purpskrrrp the Ruffian (level 8, -8/75 HPs)
             Began as a Troll Transmuter on Dec 22, 2022.
             Mangled by a wyvern (10 damage)
             ... on level 6 of the Dungeon.
             The game lasted 00:13:13 (5667 turns).

purpskrrrp the Ruffian (Troll Transmuter)           Turns: 5667, Time: 00:13:14

Health: -8/75      AC:  5    Str: 19    XL:     8   Next: 12%
Magic:  0/10       EV:  9    Int: 21    God:
Gold:   298        SH:  0    Dex:  8    Spells: 9/12 levels left

rFire   + . .      SeeInvis .      - Unarmed
rCold   + . .      Faith    .    (no shield)
rNeg    . . .      Spirit   +    a - +1 robe
rPois   +          Reflect  .    (helmet currently unavailable)
rElec   .          Harm     .    (no cloak)
rCorr   .          Rampage  .    (gloves unavailable)
Will    .....                    (boots unavailable)
Stlth   +.........               l - amulet of guardian spirit
HPRegen 1.12/turn                e - ring of Ravan {Fly rPois rC+ Int+4 Dex-2}
MPRegen 0.12/turn                j - +6 ring of intelligence

@: appendages, flying
A: horns 2, talons 2, large, unfitting armour, claws 3, regeneration 1, shaggy
fur 1, tough skin 1, fire resistance 1, low MP 1
a: End Transformation


You were on level 6 of the Dungeon.
You had temporarily grown beastly horns and talons.
You visited 1 branch of the dungeon, and saw 7 of its levels.

You collected 298 gold pieces.

Inventory:

Armour
 a - a +1 robe (worn)
Jewellery
 b - a +6 ring of strength
 c - a ring of resist corrosion
 e - the ring of Ravan (left claw) {Fly rPois rC+ Int+4 Dex-2}
   (You acquired it on level 2 of the Dungeon)

   [ring of flight]

   Int:       It affects your intelligence (+4).
   Dex:       It affects your dexterity (-2).
   rC:        It protects you from cold.
   rPois:     It protects you from poison.
   Fly:       It grants you flight.
 g - a ring of ice
 j - a +6 ring of intelligence (right claw)
 l - an amulet of guardian spirit (around neck)
 r - a ring of wizardry
Scrolls
 f - 2 scrolls of noise
 i - 3 scrolls of teleportation
 k - a scroll of magic mapping
 m - 2 scrolls of poison
 q - a scroll of torment
 s - a scroll of immolation
Potions
 h - a potion of attraction
 n - 2 potions of haste
 o - a potion of might
 t - a potion of flight


   Skills:
 + Level 3.4 Fighting
 - Level 1.5 Dodging
 * Level 6.8 Unarmed Combat
 + Level 2.9 Spellcasting
 + Level 3.4 Transmutations


You had 9 spell levels left.
You knew the following spells:

 Your Spells              Type           Power      Damage    Failure   Level
a - Beastly Appendage     Tmut           34%        N/A       3%          1
b - Blink                 Tloc           6%         N/A       21%         2

Your spell library contained the following spells:

 Spells                   Type           Power      Damage    Failure   Level
 Wereblood                Tmut           17%        N/A       4%          2
 Passwall                 Tmut/Erth      8%         N/A       10%         2
 Apportation              Tloc           6%         N/A       14%         1
 Necrotise                Necr           12%        1d4       14%         1
 Summon Small Mammal      Summ           12%        N/A       14%         1
 Ensorcelled Hibernation  Hex/Ice        6%         N/A       21%         2
 Momentum Strike          Conj/Tloc      6%         3d8       21%         2
 Static Discharge         Conj/Air       6%         2-3/arc   21%         2
 Spider Form              Tmut/Pois      10%        N/A       21%         3
 Call Canine Familiar     Summ           3%         N/A       38%         3
 Lesser Beckoning         Tloc           6%         N/A       38%         3
 Portal Projectile        Hex/Tloc       6%         N/A       38%         3
 Swiftness                Air            3%         N/A       38%         3
 Vhi's Electric Charge    Tloc/Air       6%         N/A       38%         3
 Ice Form                 Ice/Tmut       10%        N/A       54%         4
 Leda's Liquefaction      Hex/Erth       1%         N/A       80%         4
 Arcjolt                  Conj/Air       1%         1d11      98%         5
 Lightning Bolt           Conj/Air       1%         1d12      98%         5


Dungeon Overview and Level Annotations

Branches:
Dungeon (7/15)
 Temple: D:4-7

Altars:
Dithmenos
Kikubaaqudgha
Nemelex Xobeh
Okawaru
Uskayaw
Yredelemnul

Shops:
D:5 (?

Annotations:
D:4 1 runed translucent door, bande's ghost, amateur GrFi
D:7 1 transporter


Innate Abilities, Weirdness & Mutations

You have temporarily grown beastly horns and talons.
You are too large for most types of armour.
You have claws for hands.
Your natural rate of healing is unusually fast.
You are covered in fur. (AC +1)
You have tough skin. (AC +1)
Your flesh is heat resistant. (rF+)
Your magical capacity is low. (-10% MP)


Message History

You miscast Beastly Appendage.
You are very lightly contaminated with residual magic.
Nothing appears to happen.
The centaur shoots an arrow.
The arrow hits you.
An orc wizard comes into view. It is wielding a +0 dagger.
You grow a pair of large bovine horns.
Your feet morph into talons.
The centaur shoots an arrow.
The arrow barely misses you.
The centaur shoots an arrow.
The arrow hits you!
You hear an angry hiss.
The wyvern hisses angrily.
The centaur shoots an arrow.
The arrow hits you!
There is a stone staircase leading up here.
The water moccasin bites you. The wyvern bites you!
The water moccasin completely misses you.
The wyvern bites you!
You fly upwards.
There is a stone staircase leading down here.
You scratch the water moccasin but do no damage.
The wyvern bites you! The water moccasin bites you.
Your magical contamination has completely faded away.
You miss the water moccasin. You headbutt the water moccasin.
The water moccasin is lightly wounded.
The wyvern barely misses you. The water moccasin bites you.
You claw the water moccasin! Your kick misses the water moccasin.
You headbutt the water moccasin!
The water moccasin is severely wounded.
The wyvern bites you!
* * * LOW HITPOINT WARNING * * *
The water moccasin bites you.
* * * LOW HITPOINT WARNING * * *
Blink to where?
Press: ? - help, Dir - move target
As you read the scroll of blinking, it crumbles to dust.
The wyvern bites you!
* * * LOW HITPOINT WARNING * * *
Okay, then.
You feel better. The wyvern bites you!
* * * LOW HITPOINT WARNING * * *
The wyvern attacks as you move away! The wyvern barely misses you.
The wyvern bites you!
You die...

.#................[......# #.
.###########.#...........# #.
.# #.#########...# ##.
.###########..## #...# ###..
.##.........#..# #...# #...#
............##.## #...# ##.###
............##..# ###.# #..#
............###.### #.###.##
.......##.....<.@l######.#...#
######.##########.S........###
.....#.# ###.####.### ####.#.#
#ยง.....# ..##.#.# ########
#.##.#.# #.##.#.# #.##.#.#
#....#.#


You could see a water moccasin and a wyvern.

Vanquished Creatures
  A water moccasin (D:6)
  A black bear (D:5)
  An ogre (D:4)
  A phantom (D:5)
  2 howler monkeys
  2 hounds (D:6)
  3 jellies
  4 orc priests
  A gnoll bouda (D:6)
  Jessica (D:3)
  2 iguanas (D:5)
  2 orc wizards
  Robin (D:4)
  7 gnolls
  9 adders
  An ufetubus (D:4)
  2 worms (D:2)
  14 orcs
  8 ball pythons
  4 bats
  6 endoplasms
  2 giant cockroaches (D:2)
  10 goblins
  11 hobgoblins
  5 jackals
  5 quokkas
  2 frilled lizards
  6 kobolds
  2 rats (D:1)
116 creatures vanquished.

Vanquished Creatures (others)
  A goblin (D:4)
1 creature vanquished.

Grand Total: 117 creatures vanquished

Notes
Turn   | Place    | Note
-------+----------+-------------------------------------------
     0 | D:1      | purpskrrrp the Troll Transmuter began the quest for the
                  | Orb.
     0 | D:1      | Reached XP level 1. HP: 18/18 MP: 1/1
   150 | D:1      | Reached skill level 1 in Fighting
   300 | D:1      | Reached XP level 2. HP: 27/27 MP: 0/3
  1185 | D:2      | Reached XP level 3. HP: 33/33 MP: 2/4
  1640 | D:2      | Reached XP level 4. HP: 41/41 MP: 3/5
  1743 | D:2      | Found a faded altar of an unknown god.
  1871 | D:2      | Identified a scroll of acquirement
  1871 | D:2      | Acquired the ring of Ravan {Fly rPois rC+ Int+4 Dex-2}
  2285 | D:3      | Noticed Jessica
  2289 | D:3      | Killed Jessica
  2290 | D:3      | Reached skill level 4 in Unarmed Combat
  2315 | D:3      | Acquired a book of Spatial Translocations
  2320 | D:3      | Learned a level 2 spell: Blink
  2652 | D:3      | Found a shadowy altar of Dithmenos.
  2656 | D:3      | Found an ancient bone altar of Kikubaaqudgha.
  2656 | D:3      | Found an iron altar of Okawaru.
  2664 | D:3      | Found a sparkling altar of Nemelex Xobeh.
  2667 | D:3      | Found a hide-covered altar of Uskayaw.
  2784 | D:4      | Reached XP level 5. HP: 49/49 MP: 3/6
  2851 | D:4      | Noticed Robin
  2861 | D:4      | Killed Robin
  3060 | D:4      | Noticed an ogre
  3065 | D:4      | HP: 2/49 [ogre/+0 giant club (23)]
  3160 | D:4      | Killed an ogre
  3161 | D:4      | Reached XP level 6. HP: 50/57 MP: 5/8
  3379 | D:4      | Found a basalt altar of Yredelemnul.
  3546 | D:4      | Found a runed translucent door.
  3546 | D:4      | Noticed bande's ghost (amateur GrFi)
  3604 | D:4      | Reached skill level 5 in Unarmed Combat
  3805 | D:5      | Entered Level 5 of the Dungeon
  3917 | D:5      | Reached XP level 7. HP: 51/66 MP: 7/9
  4066 | D:5      | Found Utyak's Magic Scroll Emporium.
  4465 | D:5      | Reached skill level 6 in Unarmed Combat
  4557 | D:5      | Found Toxkas's Antique Weapon Shop.
  4610 | D:5      | Gained mutation: Your flesh is heat resistant. (rF+)
                  | [potion of mutation]
  4610 | D:5      | Gained mutation: Your magical capacity is low. (-10% MP)
                  | [potion of mutation]
  5158 | D:6      | Reached XP level 8. HP: 74/75 MP: 7/10
  5607 | D:7      | Found a transporter.
  5666 | D:6      | HP: 1/75 [wyvern (15)]
  5667 | D:6      | Mangled by a wyvern

Illustrated notes

Levels and vault maps discovered:
D:1:      lemuel_arrival_tunnels, layout_basic
D:2:      layout_basic, nicolae_ecumenical_lake_church, serial_forest,
          infiniplex_forest_clump_small, infiniplex_forest_clump_small,
          infiniplex_forest_straight_3, infiniplex_forest_straight_1,
          infiniplex_forest_lined_2
D:3:      layout_loops_corners, minmay_overflow_temple_star_hex, uniq_jessica
D:4:      layout_basic, yredelemnul_altar_generic, gammafunk_ghost_grave,
          uniq_robin
D:5:      layout_gridville, serial_shops, kennysheep_mini, abandoned_shop,
          nicolae_stop_n_shop_1
D:6:      layout_basic
D:7:      layout_cave_pools, minmay_temple_entry_offerings,
          gammafunk_ghost_arena

Skill      XL: |  1  2  3  4  5  6  7 |
---------------+----------------------+-----
Fighting       | 1 2 3 |  3.4
Unarmed Combat | 4 5 6 |  6.8
Transmutations | 2 3 |  3.4
Spellcasting   | 2 |  2.9
Dodging        | |  1.5

Action                   |  1- 3 |  4- 6 |  7- 9 || total
-------------------------+-------+-------+-------++-------
Melee: Unarmed           |    82 |   118 |    83 ||   283
       Kick              |    14 |    14 |    12 ||    40
       Headbutt          |     7 |    15 |    10 ||    32
       Punch             |     1 |     3 |     1 ||     5
 Cast: Beastly Appendage |    22 |    27 |    17 ||    66
  Use: Scroll            |       |    15 |     6 ||    21
       Potion            |       |     2 |     3 ||     5
Armor: Robe              |    26 |    39 |    26 ||    91
       Skin              |       |       |     1 ||     1
Dodge: Dodged            |    33 |    56 |    45 ||   134

Table legend: (Time is in decaauts)
 A = Elapsed time spent in this place.
 B = Non-inter-level travel time spent in this place.
 C = Inter-level travel time spent in this place.
 D = Time resting spent in this place.
 E = Time spent auto-exploring this place.
 F = Levels seen in this place.
 G = Mean time per level.
                   A        B        C        D        E       F      G
               +--------+--------+--------+--------+--------+-----+--------+
         Total |   5623 |   5448 |    175 |    139 |   4513 |   7 |  803.3 |
       Dungeon |   5623 |   5448 |    175 |    139 |   4513 |   7 |  803.3 |
               +--------+--------+--------+--------+--------+-----+--------+

Top non-repeatable levels by time:
     D:1: 1120 daAuts
     D:6: 1040 daAuts
     D:4: 996 daAuts
     D:3: 931 daAuts
     D:5: 767 daAuts
     D:2: 757 daAuts
     D:7: 9 daAuts
